 Dungeon Sprint DCSS version 0.30-a0-585-g93115170b9 (webtiles) character file.

Game seed: 9553808253053117187

56489 mhtbhm the Minotaur Barricade (level 14, -15/140 HPs)
             Began as a Minotaur Fighter on Jan 2, 2023.
             Was the Champion of Qazlal.
             Killed from afar by a pearl dragon (32 damage)
             ... with a blast of cleansing flame
             ... in the Dungeon (Sprint V: "Ziggurat Sprint").
             The game lasted 00:10:45 (2105 turns).

mhtbhm the Minotaur Barricade (Minotaur Fighter)    Turns: 2105, Time: 00:10:46

Health: -15/140    AC: 36    Str: 32    XL:     14   Next: 42%
Magic:  16/27      EV:  7    Int:  5    God:    Qazlal [******]
Gold:   0          SH: 49    Dex: 14    Spells: 13/13 levels left

rFire   + + +      SeeInvis .    a - +10 lance "Wyrmbane" {slay drac, rPois rF+ rC+ AC+3}
rCold   + + +      Faith    .    c - +18 shield of the Gong {rElec rN+ Will+ EV-5}
rNeg    + + +      Spirit   .    b - +5 gold dragon scales
rPois   +          Reflect  +    (helmet restricted)
rElec   +          Harm     .    (no cloak)
rCorr   .          Rampage  .    (no gloves)
Will    ++...      NoTele   +    G - +2 pair of boots {Fly} Stlth
                                 D - amulet "Icwih" {Reflect rF+ Regen+ SH+5}
HPRegen 1.23/turn                z - +6 ring of strength
MPRegen 0.20/turn                u - ring "Oniriku" {rC+ rN++ EV+5 Dex+4}

@: protected from physical damage, flying, glowing, studying 2 skills, repel
missiles
A: horns 2, retaliatory headbutt
a: Renounce Religion, Upheaval, Elemental Force, Disaster Area


You were in the Dungeon.
You worshipped Qazlal.
Qazlal was exalted by your worship.
You visited 1 branch

Inventory:

Hand Weapons
 a - the +10 lance "Wyrmbane" (weapon) {slay drac, rPois rF+ rC+ AC+3}
   (You found it in the Dungeon)

   It inflicts extra damage against dragons and draconians.
   AC:        It affects your AC (+3).
   rF:        It protects you from fire.
   rC:        It protects you from cold.
   rPois:     It protects you from poison.
 L - the +8 trishula "Condemnation" {holy, anguish, *Noise Fly rN+}
   (You found it in the Dungeon)

   It has been blessed by the Shining One to cause great damage to the undead
   and demons.
   It inflicts anguish, making its victims' attacks reflect back on them.
   rN:        It protects you from negative energy.
   Fly:       It grants you flight.
   *Noise:    It may make noises in combat.
Missiles
 C - 2 throwing nets (quivered)
 I - 4 javelins
Armour
 b - +5 gold dragon scales (worn)
 c - the +18 shield of the Gong (worn) {rElec rN+ Will+ EV-5}
   (You found it in the Dungeon)

   It is deafeningly noisy when blocking attacks.
   EV:        It affects your evasion (-5).
   rElec:     It insulates you from electricity.
   rN:        It protects you from negative energy.
   Will:      It increases your willpower.
 G - a +2 pair of boots of flying (worn)
Jewellery
 u - the ring "Oniriku" (right hand) {rC+ rN++ EV+5 Dex+4}
   (You found it in the Dungeon)

   [ring of evasion]

   EV:        It affects your evasion (+5).
   Dex:       It affects your dexterity (+4).
   rC:        It protects you from cold.
   rN:        It greatly protects you from negative energy.
 y - the ring "Zyutonlyga" {rC+ rCorr Int+3 Slay+4}
   (You found it in the Dungeon)

   [ring of slaying]

   Int:       It affects your intelligence (+3).
   Slay:      It affects your accuracy & damage with ranged weapons and melee
   (+4).
   rC:        It protects you from cold.
   rCorr:     It protects you from acid and corrosion.
 z - a +6 ring of strength (left hand)
 D - the amulet "Icwih" (around neck) {Reflect rF+ Regen+ SH+5}
   (You took it off a fire giant in the Dungeon)

   [amulet of reflection]

   It reflects blocked missile attacks.
   rF:        It protects you from fire.
   Regen:     It increases your rate of health regeneration.
   SH:        It affects your SH (+5).
Wands
 s - a wand of mindburst (7)
 t - a wand of quicksilver (7)
Scrolls
 j - 3 scrolls of blinking
 k - 4 scrolls of amnesia
 l - 6 scrolls of fog
 m - 5 scrolls of identify
 n - a scroll of fear
 x - 3 scrolls of brand weapon
Potions
 d - 5 potions of might
 e - 10 potions of curing
 f - 5 potions of heal wounds
 g - 9 potions of haste
 h - 6 potions of magic
 i - 3 potions of berserk rage
 o - 2 potions of brilliance
 p - 2 potions of invisibility
 q - 4 potions of resistance
 r - a potion of experience
Miscellaneous
 v - a phantom mirror
 w - a tin of tremorstones (2/2)
 A - a box of beasts
 B - a lightning rod (4/4)
 K - a condenser vane


   Skills:
 + Level 17.1 Fighting
 + Level 18.2 Polearms
 + Level 17.3 Armour
 - Level 6.8 Stealth
 O Level 27 Shields
 * Level 21.7 Invocations
 + Level 4.7 Evocations


You had 13 spell levels left.
You didn't know any spells.
Your spell library contained the following spells:

 Spells                   Type           Power      Damage    Failure   Level
 Beastly Appendage        Tmut           0%         N/A       99%         1
 Freeze                   Ice            0%         1d3       99%         1
 Magic Dart               Conj           0%         1d3       99%         1
 Blink                    Tloc           0%         N/A       100%        2
 Call Imp                 Summ           0%         N/A       100%        2
 Scorch                   Fire           0%         2d5       100%        2
 Static Discharge         Conj/Air       0%         2-2/arc   100%        2
 Wereblood                Tmut           0%         N/A       100%        2
 Call Canine Familiar     Summ           0%         N/A       100%        3
 Frozen Ramparts          Ice            0%         1d1       100%        3
 Gell's Gravitas          Tloc           0%         N/A       100%        3
 Ignite Poison            Fire/Tmut/Pois 0%         N/A       100%        3
 Lesser Beckoning         Tloc           0%         N/A       100%        3
 Mephitic Cloud           Conj/Pois/Air  0%         N/A       100%        3
 Ozocubu's Armour         Ice            0%         N/A       100%        3
 Portal Projectile        Hex/Tloc       0%         N/A       100%        3
 Spider Form              Tmut/Pois      0%         N/A       100%        3
 Teleport Other           Tloc           0%         N/A       100%        3
 Tukima's Dance           Hex            0%         N/A       100%        3
 Vhi's Electric Charge    Tloc/Air       0%         N/A       100%        3
 Airstrike                Air            0%         2d(0-16)  100%        4
 Flame Wave               Conj/Fire      0%         2d4       100%        4
 Ice Form                 Ice/Tmut       0%         N/A       100%        4
 Leda's Liquefaction      Hex/Erth       0%         N/A       100%        4
 Manifold Assault         Tloc           0%         N/A       100%        4
 Passage of Golubria      Tloc           0%         N/A       100%        4
 Sticky Flame             Conj/Fire      0%         2d3       100%        4
 Summon Ice Beast         Ice/Summ       0%         N/A       100%        4
 Arcjolt                  Conj/Air       0%         1d10      100%        5
 Blade Hands              Tmut           0%         N/A       100%        5
 Lee's Rapid Deconstruct  Erth           0%         3d4*      100%        5
 Lightning Bolt           Conj/Air       0%         1d11      100%        5
 Silence                  Hex/Air        0%         N/A       100%        5
 Summon Mana Viper        Hex/Summ       0%         N/A       100%        5
 Dispersal                Tloc           0%         N/A       100%        6
 Simulacrum               Ice/Necr       0%         N/A       100%        6
 Statue Form              Tmut/Erth      0%         N/A       100%        6
 Summon Cactus Giant      Summ           0%         N/A       100%        6
 Dragon Form              Tmut           0%         N/A       100%        7
 Haunt                    Necr/Summ      0%         N/A       100%        7
 Monstrous Menagerie      Summ           0%         N/A       100%        7
 Ozocubu's Refrigeration  Ice            0%         4d7       100%        7
 Storm Form               Tmut/Air       0%         N/A       100%        7
 Ignition                 Fire           0%         3d3       100%        8
 Lehudib's Crystal Spear  Conj/Erth      0%         10d2      100%        8


Dungeon Overview and Level Annotations

Branches:
Dungeon (1/1)

Altars:
Ashenzari
Cheibriados
Dithmenos
Elyvilon
Fedhas
Gozag
Hepliaklqana
Kikubaaqudgha
Makhleb
Nemelex Xobeh
Okawaru
Qazlal
Ru
Sif Muna
Trog
Uskayaw
Vehumet
Wu Jian
Xom
Yredelemnul
Zin
The Shining One
Jiyva
Lugonu

Annotations:
D 1 transporter


Innate Abilities, Weirdness & Mutations

You have a pair of horns on your head.
You reflexively headbutt those who attack you in melee.


Message History

The angel is severely wounded.
You block the angel's attack.
GONNNNG!
The angel hits you with a +2 sacred scourge of holy wrath!
You feel protected from physical attacks.
The angel gestures.
The angel is healed somewhat.
The pearl dragon is engulfed in freezing vapours.
You block the pearl dragon's attack.
PTOANNNG!
You block the pearl dragon's attack.
GONNNNG!
Your fire elemental misses the angel.
Your water elemental hits the angel!!
Your water elemental engulfs the angel in water!
You impale the angel!!
You kill the angel!
Qazlal accepts your kill.
The cherub no longer looks unusually strong.
The angel hits your fire elemental with a +2 sacred scourge of holy wrath!!
Your fire elemental is destroyed!
Your fire elemental disappears in a puff of smoke!
The angel shouts!
The pearl dragon is engulfed in freezing vapours.
You block the pearl dragon's attack.
SHROANNG!
You block the pearl dragon's attack.
SHROANNG!
The angel hits you with a +2 sacred scourge of holy wrath!!
* * * LOW HITPOINT WARNING * * *
You feel more protected from physical attacks.
You block the angel's attack.
SHROANNG!
Your water elemental completely misses the angel.
The cherub unwields a +0 longbow.
The cherub wields the +4 war axe of Poverty {antimagic, rF+}.
The cherub hits you but does no damage. You block the cherub's attack.
BOUMMMMG!
The pearl dragon breathes cleansing flame at you.
The blast of cleansing flame engulfs you!!
You die...

▓.▓▓▓...).▓▓▓.▓▓▓▓▓▓▓
▓..▓.......▓..▓....8©
▓.............▓...|[.
▓......©......▓...)|[
▓▓▓▓▓▓▓▓▓▓▓▓▓▓▓......
▓..○..8©8... ▓....).
▓.○[)°|[=}}.).▓....).
▓..§○§☼[|"[≈≈.▓.....)
▓..A@D........▓....÷.
▓..E○A°....≈≈.▓..▓...
▓§≈≈..☼≈...≈≈≈▓......
▓≈.....)).≈.≈.▓.....©
▓..≈....≈..≈≈≈▓▓▓▓▓▓▓
▓.≈.....§.....▓...8©8
▓..▓.≈§.§..▓.≈▓..=|||
▓...≈≈§§§.≈.≈≈▓..))).
▓...≈≈...≈≈≈≈.▓......


You could see a pearl dragon (catching breath), an angel (strong, ally target),
a cherub and a friendly water elemental (summoned).

Vanquished Creatures
  2 pandemonium lords (D)
  A pearl dragon (D)
  A hellephant (D)
  An Executioner (D)
  2 daevas (D)
  5 fire giants (D)
  A balrug (D)
  An angel (D)
  An ophan (D)
  2 stone giants (D)
  A demonspawn black sun (D)
  A fire dragon (D)
  A salamander tyrant (D)
  An entropy weaver (D)
  An ogre mage (D)
  2 radroaches (D)
  A two-headed ogre (D)
  A boulder beetle (D)
  A stoker (D)
  A dancing weapon (D)
  9 hell hogs (D)
  A soul eater (D)
  A deep elf knight (D)
  A spriggan druid (D)
  A cherub (D)
  An orb spider (D)
  A deep elf pyromancer (D)
  An orc sorcerer (D)
  2 orc knights (D)
  A cyclops (D)
  A moth of wrath (D)
  4 draconians (D)
  An apocalypse crab (D)
  A torpor snail (D)
  An orange demon (D)
  A demonic crawler (D)
  A smoke demon (D)
  2 merfolk (D)
  A troll (D)
  2 ancient zymes (D)
  2 red devils (D)
  3 wind drakes (D)
  3 hornets (D)
  A raiju (D)
  A jumping spider (D)
  A basilisk (D)
  A fire elemental (D)
  4 starcursed masses (D)
  3 redbacks (D)
  3 wargs (D)
  2 hell hounds (D)
  2 orc warriors (D)
  3 black bears (D)
  4 ogres (D)
  4 centaurs (D)
  9 wolves (D)
  A phantom (D)
  2 bullfrogs (D)
  2 wights (D)
  A small abomination (D)
  A quasit (D)
  An orc priest (D)
  An iguana (D)
  2 orc wizards (D)
  3 river rats (D)
  A shadow imp (D)
  A white imp (D)
  An ufetubus (D)
  An adder skeleton (D)
  2 bat skeletons (D)
  2 jackals (D)
  3 ball python skeletons (D)
  A jackal skeleton (D)
  A lurking horror (D)
135 creatures vanquished.

Vanquished Creatures (collateral kills)
  A demonspawn warmonger (D)
  A stone giant (D)
  2 merfolk javelineers (D)
  A yaktaur captain (D)
  A centaur warrior (D)
  2 dancing weapons (D)
  A sixfirhy (D)
  A deep elf zephyrmancer (D)
  3 cyclopes (D)
  2 rust devils (D)
  A yaktaur (D)
  A red devil (D)
  A chaos spawn (D)
  2 centaurs (D)
20 creatures vanquished.

Vanquished Creatures (others)
  A fire vortex (D)
1 creature vanquished.

Grand Total: 156 creatures vanquished

Notes
Turn   | Place    | Note
-------+----------+-------------------------------------------
     0 | D        | mhtbhm the Minotaur Fighter began the quest for the Orb.
     0 | D        | Reached XP level 1. HP: 19/19 MP: 0/0
    18 | D        | Found a blossoming altar of Fedhas.
    18 | D        | Found the +6 Majin-Bo {vamp, MP+6 Int+6}
    18 | D        | Found the +27 heavy crossbow "Sniper" {heavy, Acc+∞ SInv}
    18 | D        | Found the +10 dark maul {heavy}
    18 | D        | Found the +15 Maxwell's patent armour {-Cast -Tele rElec
                  | Will+ rCorr}
    18 | D        | Found the +18 shield of the Gong {rElec rN+ Will+ EV-5}
    18 | D        | Found the +16 obsidian axe {drain, Mesm Drain Fly SInv}
    18 | D        | Found the +7 great mace "Firestarter" {inner flame, rF++}
    18 | D        | Found the +6 shillelagh "Devastator" {shatter}
    18 | D        | Found the +11 plutonium sword {Contam Stlth-}
    18 | D        | Found the +8 lance "Wyrmbane" {slay drac, rPois rF+ rC+
                  | AC+3}
    18 | D        | Found the +9 sword of Zonguldrok {reap}
    18 | D        | Found the +13 scythe of Curses {drain, Drain}
    18 | D        | Found the +9 sword of Power
    18 | D        | Found the +7 mace of Variability {chain chaos}
    18 | D        | Found the +11 Singing Sword {sonic wave}
    18 | D        | Found the +8 storm bow {elec, penet}
    19 | D        | Found a transporter.
    19 | D        | Found a viscous altar of Jiyva.
    19 | D        | Found an ancient bone altar of Kikubaaqudgha.
    19 | D        | Found a hazy altar of Hepliaklqana.
    19 | D        | Found a corrupted altar of Lugonu.
    19 | D        | Found an opulent altar of Gozag.
    19 | D        | Found a burning altar of Makhleb.
    20 | D        | Found a sacrificial altar of Ru.
    20 | D        | Found a shimmering blue altar of Sif Muna.
    20 | D        | Found a stormy altar of Qazlal.
    20 | D        | Found a bloodstained altar of Trog.
    20 | D        | Found an iron altar of Okawaru.
    20 | D        | Found a sparkling altar of Nemelex Xobeh.
    45 | D        | Became a worshipper of Qazlal Stormbringer
    86 | D        | Entered arena 2.
    86 | D        | Found a transporter.
    91 | D        | Reached skill level 4 in Shields
    91 | D        | Reached skill level 1 in Invocations
    91 | D        | Reached XP level 2. HP: 28/28 MP: 0/2
    95 | D        | Got the ring "Oniriku" {rC+ rN++ EV+5 Dex+4}
   102 | D        | Entered arena 3.
   102 | D        | Found a transporter.
   104 | D        | Reached * piety under Qazlal
   107 | D        | Reached skill level 5 in Fighting
   107 | D        | Reached skill level 5 in Armour
   107 | D        | Reached skill level 5 in Shields
   107 | D        | Reached XP level 3. HP: 36/36 MP: 1/3
   130 | D        | Entered arena 4.
   130 | D        | Noticed a wolf
   130 | D        | Noticed a wolf
   130 | D        | Noticed a wolf
   130 | D        | Noticed a black bear
   130 | D        | Found a transporter.
   135 | D        | Killed a wolf
   135 | D        | Reached ** piety under Qazlal
   136 | D        | Reached skill level 6 in Shields
   136 | D        | Reached XP level 4. HP: 38/45 MP: 3/5
   136 | D        | Killed a wolf
   137 | D        | Reached skill level 7 in Shields
   137 | D        | Reached XP level 5. HP: 44/52 MP: 3/7
   140 | D        | Killed a wolf
   141 | D        | Reached skill level 5 in Polearms
   141 | D        | Reached skill level 8 in Shields
   141 | D        | Reached skill level 5 in Invocations
   143 | D        | Killed a black bear
   144 | D        | Reached skill level 9 in Shields
   144 | D        | Reached XP level 6. HP: 51/62 MP: 3/9
   147 | D        | Got Sif Muna's Grimoire of Turbulent Necromancy
   179 | D        | Entered arena 5.
   179 | D        | Noticed a draconian
   179 | D        | Noticed a draconian
   179 | D        | Noticed a draconian
   179 | D        | Noticed a draconian
   179 | D        | Found a transporter.
   186 | D        | Killed a draconian
   186 | D        | Reached *** piety under Qazlal
   187 | D        | Reached skill level 10 in Shields
   187 | D        | Reached XP level 7. HP: 68/70 MP: 8/11
   189 | D        | Killed a draconian
   190 | D        | Reached skill level 10 in Armour
   190 | D        | Reached skill level 11 in Shields
   190 | D        | Reached XP level 8. HP: 78/79 MP: 8/12
   194 | D        | Killed a draconian
   195 | D        | Reached skill level 10 in Fighting
   195 | D        | Reached skill level 12 in Shields
   198 | D        | Killed a draconian
   199 | D        | Reached skill level 13 in Shields
   228 | D        | Entered arena 6.
   228 | D        | Found a transporter.
   229 | D        | Reached **** piety under Qazlal
   240 | D        | Reached ***** piety under Qazlal
   256 | D        | Entered arena 7.
   256 | D        | Noticed a spriggan druid
   257 | D        | Found a transporter.
   265 | D        | Reached XP level 9. HP: 75/86 MP: 14/14
   266 | D        | Killed a spriggan druid
   267 | D        | Reached skill level 10 in Polearms
   267 | D        | Reached skill level 14 in Shields
   273 | D        | Reached skill level 15 in Shields
   328 | D        | Entered arena 8.
   328 | D        | Noticed a +2 halberd of venom
   328 | D        | Noticed a deep elf knight
   328 | D        | Noticed a +2 mace of holy wrath
   328 | D        | Noticed a deep elf pyromancer
   328 | D        | Noticed a deep elf zephyrmancer
   328 | D        | Noticed a +2 hand axe of electrocution
   336 | D        | Killed a +2 hand axe of electrocution
   337 | D        | Reached skill level 16 in Shields
   337 | D        | Reached skill level 10 in Invocations
   337 | D        | Killed a +2 mace of holy wrath
   338 | D        | Reached XP level 10. HP: 78/95 MP: 10/16
   339 | D        | Killed a deep elf zephyrmancer
   340 | D        | Reached skill level 17 in Shields
   340 | D        | Found a transporter.
   344 | D        | Killed a +2 halberd of venom
   344 | D        | Reached ****** piety under Qazlal
   355 | D        | Killed a deep elf knight
   356 | D        | Reached skill level 18 in Shields
   368 | D        | Killed a deep elf pyromancer
   481 | D        | Got the ring "Zyutonlyga" {rC+ rCorr Int+3 Slay+4}
   483 | D        | Got the Octavo of the Tired Nightmares
   501 | D        | Entered arena 9.
   502 | D        | Found a transporter.
   562 | D        | Entered arena 10.
   562 | D        | Found the +8 demon trident "Rift" {distort, reach+}
   563 | D        | Found a transporter.
   574 | D        | Reached skill level 1 in Evocations
   575 | D        | Reached skill level 19 in Shields
   591 | D        | Got the Handbook of Chilling Shaping
   595 | D        | Entered arena 11.
   596 | D        | Found a transporter.
   617 | D        | Reached XP level 11. HP: 71/104 MP: 19/19
   674 | D        | Got the ring "Qoddeyty" {EV+5 Int+4 Dex+4 Stlth+}
   686 | D        | Entered arena 12.
   686 | D        | Noticed a hell hog
   686 | D        | Noticed a fire dragon
   686 | D        | Noticed a fire giant
   687 | D        | Noticed a hell hog
   687 | D        | Noticed a hell hog
   687 | D        | Noticed a hell hog
   688 | D        | Found a transporter.
   688 | D        | Noticed a hell hog
   706 | D        | Killed a fire giant
   707 | D        | Reached skill level 1 in Stealth
   707 | D        | Reached skill level 20 in Shields
   710 | D        | Killed a hell hog
   714 | D        | Killed a hell hog
   718 | D        | Killed a hell hog
   719 | D        | Reached skill level 21 in Shields
   721 | D        | Killed a fire dragon
   729 | D        | Killed a hell hog
   733 | D        | Killed a hell hog
   814 | D        | Got the Papyrus of the Petrous Wendigo
   870 | D        | Entered arena 13.
   870 | D        | Noticed a soul eater
   871 | D        | Noticed a starcursed mass
   875 | D        | Reached skill level 22 in Shields
   884 | D        | Killed a soul eater
   885 | D        | Killed a starcursed mass
   886 | D        | Killed a starcursed mass
   894 | D        | Found a transporter.
   896 | D        | Killed a starcursed mass
   992 | D        | Got the ring "Uten" {+Blink rC+ rCorr Slay-3 SInv Stlth-}
  1246 | D        | Entered arena 14.
  1246 | D        | Noticed a hell hog
  1246 | D        | Noticed a stoker
  1246 | D        | Noticed a hellephant
  1247 | D        | Noticed a fire giant
  1247 | D        | Noticed a fire giant
  1247 | D        | Noticed a hell hog
  1247 | D        | Noticed a fire giant
  1247 | D        | Identified the amulet "Icwih" {Reflect rF+ Regen+ SH+5}
  1247 | D        | Noticed a fire giant
  1247 | D        | Noticed a balrug
  1247 | D        | Noticed a salamander tyrant
  1247 | D        | Noticed a hell hog
  1248 | D        | Noticed a hell hog
  1249 | D        | Killed a hell hog
  1250 | D        | Reached XP level 12. HP: 71/113 MP: 12/21
  1250 | D        | Killed a salamander tyrant
  1250 | D        | Killed a fire giant
  1250 | D        | Killed a stoker
  1250 | D        | Killed a fire giant
  1250 | D        | Killed a hell hog
  1250 | D        | Killed a hell hog
  1250 | D        | Killed a fire giant
  1250 | D        | Killed a balrug
  1251 | D        | Reached skill level 23 in Shields
  1251 | D        | Reached skill level 15 in Invocations
  1251 | D        | Killed a hell hog
  1252 | D        | Found a transporter.
  1253 | D        | Killed a fire giant
  1279 | D        | Killed a hellephant
  1280 | D        | Reached skill level 24 in Shields
  1377 | D        | Got the Tome of Coruscating Command
  1496 | D        | Entered arena 15.
  1496 | D        | Noticed an Executioner
  1497 | D        | Noticed Pinwos the pandemonium lord
  1497 | D        | Noticed a demonspawn black sun
  1497 | D        | Noticed Daukead the pandemonium lord
  1498 | D        | Noticed a demonspawn warmonger
  1511 | D        | Killed an Executioner
  1512 | D        | Reached skill level 15 in Polearms
  1537 | D        | Killed Daukead the pandemonium lord
  1538 | D        | Reached skill level 25 in Shields
  1538 | D        | Reached XP level 13. HP: 54/124 MP: 4/25
  1540 | D        | Reached skill level 15 in Armour
  1553 | D        | Killed a demonspawn black sun
  1553 | D        | Killed a demonspawn warmonger
  1558 | D        | Killed Pinwos the pandemonium lord
  1559 | D        | Reached skill level 26 in Shields
  1595 | D        | Found a transporter.
  1688 | D        | Entered arena 16.
  1688 | D        | Noticed a stone giant
  1688 | D        | Noticed a merfolk javelineer
  1689 | D        | Noticed a stone giant
  1689 | D        | Noticed a stone giant
  1693 | D        | Identified the +1 chain mail of Servitude {Str-3 Dex+9}
  1693 | D        | Noticed a merfolk javelineer
  1696 | D        | Killed a merfolk javelineer
  1698 | D        | Killed a stone giant
  1701 | D        | Killed a stone giant
  1702 | D        | Reached skill level 15 in Fighting
  1702 | D        | Reached skill level 27 in Shields
  1703 | D        | Killed a stone giant
  1703 | D        | Killed a merfolk javelineer
  1704 | D        | Found a transporter.
  1810 | D        | Entered arena 17.
  1813 | D        | Found the +8 trishula "Condemnation" {holy, anguish, *Noise
                  | Fly rN+}
  1815 | D        | Reached XP level 14. HP: 136/136 MP: 17/27
  1816 | D        | Found a transporter.
  1870 | D        | Got the ring "Duippur" {Will+ Int+5}
  1899 | D        | Entered arena 18.
  1945 | D        | Found a transporter.
  2080 | D        | Entered arena 19.
  2081 | D        | Noticed an angel
  2082 | D        | Identified the +4 war axe of Poverty {antimagic, rF+}
  2083 | D        | Noticed a pearl dragon
  2083 | D        | Noticed a pearl dragon
  2083 | D        | Noticed an angel
  2083 | D        | Noticed an ophan
  2083 | D        | Noticed a daeva
  2087 | D        | Noticed a daeva
  2092 | D        | Killed a daeva
  2092 | D        | Killed an ophan
  2093 | D        | Found a transporter.
  2098 | D        | Killed a pearl dragon
  2102 | D        | Killed a daeva
  2104 | D        | Killed an angel
  2105 | D        | Killed from afar by a pearl dragon

Illustrated notes

Levels and vault maps discovered:
D:        sprint_v [room_start, room_1, room_2, room_3, room_4, room_5, room_6,
          room_7, room_8, room_9, room_10, room_11, room_12, room_13, room_14,
          room_15, room_16, room_17, room_18, room_19, room_20, room_21,
          room_22, room_23, room_24, room_25, room_26, room_27]

Skill      XL: |  1  2  3  4  5  6  7  8  9 10 11 12 13 14 |
---------------+-------------------------------------------+-----
Fighting       | 4 5 6 7 8 9 10 11 12 14 15 17 | 17.1
Armour         | 4 5 6 7 8 9 10 11 12 13 14 16 17 | 17.3
Shields        | 4 5 6 7 9 10 11 13 16 19 22 25 27 | 27.0
Invocations    | 1 2 3 4 5 7 9 10 12 14 18 20 21 | 21.7
Polearms       | 3 4 5 7 8 9 11 12 14 15 17 18 | 18.2
Evocations     | 1 2 4 |  4.7
Stealth        | 4 6 |  6.8

Action                   |  1- 3 |  4- 6 |  7- 9 | 10-12 | 13-15 || total
-------------------------+-------+-------+-------+-------+-------++-------
Melee: Lance             |    11 |    14 |    47 |   190 |    97 ||   359
       Headbutt          |     3 |     4 |     5 |    29 |    18 ||    59
Invok: Elemental Force   |       |       |     1 |     2 |     3 ||     6
       Disaster Area     |       |       |       |     3 |     2 ||     5
Evoke: Tin of tremorston |       |       |     2 |     2 |       ||     4
       Phantom mirror    |       |       |       |     2 |     1 ||     3
       Box of beasts     |       |       |       |     1 |       ||     1
       Condenser vane    |       |       |       |       |     2 ||     2
  Use: Potion            |       |       |       |     5 |     3 ||     8
       Scroll            |       |       |       |     1 |     2 ||     3
 Stab: Paralysed         |       |       |       |     3 |    10 ||    13
       Distracted        |       |       |       |     2 |       ||     2
       Confused          |       |       |       |       |     7 ||     7
Armor: Gold dragon scale |    14 |     9 |    16 |    57 |    20 ||   116
Dodge: Dodged            |     1 |     1 |     4 |    11 |     9 ||    26
       Repelled          |       |       |     1 |     1 |       ||     2
Block: Kite shield       |    19 |    27 |    89 |   252 |   110 ||   497
       Reflection        |       |       |       |       |    15 ||    15

Table legend: (Time is in decaauts)
 A = Elapsed time spent in this place.
 B = Non-inter-level travel time spent in this place.
 C = Inter-level travel time spent in this place.
 D = Time resting spent in this place.
 E = Time spent auto-exploring this place.
 F = Levels seen in this place.
 G = Mean time per level.
                   A        B        C        D        E       F      G
               +--------+--------+--------+--------+--------+-----+--------+
         Total |   1935 |   1935 |      0 |   1025 |      0 |   1 | 1935.0 |
       Dungeon |   1935 |   1935 |      0 |   1025 |      0 |   1 | 1935.0 |
               +--------+--------+--------+--------+--------+-----+--------+

Top non-repeatable levels by time:
       D: 1935 daAuts
